 Dungeon Crawl Stone Soup version 0.31.0-1-g2c135a0 (webtiles) character file.

Game seed: 15010194641399267500

1114 Sarlacc the Chopper (level 8, -4/73 HPs)
             Began as a Minotaur Berserker on Apr 4, 2024.
             Was a Believer of Trog.
             Killed from afar by Blork the orc (6 damage)
             ... with a magic dart
             ... on level 5 of the Dungeon.
             The game lasted 00:09:24 (3293 turns).

Sarlacc the Chopper (Minotaur Berserker)            Turns: 3293, Time: 00:09:24

Health: -4/73      AC: 11    Str: 22    XL:     8   Next: 12%
Magic:  7/7        EV:  8    Int:  4    God:    Trog [**....]
Gold:   167        SH: 10    Dex: 12    Spells: 7/7 levels left

rFire   + . .        a - +0 hand axe
rCold   . . .        n - +2 kite shield of Vafier {rF+ Slay+4}
rNeg    . . .        p - +0 chain mail
rPois   .            (helmet restricted)
rElec   .            (no cloak)
rCorr   .            (no gloves)
SInv    .            e - +0 pair of boots
Will    .....        (no amulet) Stlth
                     l - +4 ring of slaying
HPRegen 0.32/turn    (no ring)
MPRegen 0.10/turn

%: no passive effects
@: no status effects
A: horns 2, retaliatory headbutt
a: Renounce Religion, Berserk, Trog's Hand


You were on level 5 of the Dungeon.
You worshipped Trog.
Trog was pleased with you.
You visited 1 branch of the dungeon, and saw 5 of its levels.

You collected 167 gold pieces.

Inventory:

Hand Weapons
 a - a +0 hand axe (weapon)
Armour
 e - a +0 pair of boots (worn)
 n - the +2 kite shield of Vafier (worn) {rF+ Slay+4}
   (You found it on level 2 of the Dungeon)

   Slay+4:    It affects your accuracy & damage with ranged weapons and melee
   (+4).
   rF+:       It protects you from fire.
 p - a +0 chain mail (worn)
Jewellery
 l - a +4 ring of slaying (left hand)
Wands
 s - a wand of paralysis (2)
Scrolls
 c - 2 scrolls of enchant weapon {unknown}
 h - 2 scrolls of amnesia {unknown}
 k - 2 scrolls of identify {unknown}
 m - a scroll of revelation {unknown}
 o - 2 scrolls of teleportation {unknown}
Potions
 d - 3 potions of curing {unknown}
 f - 2 potions of attraction {unknown}
 g - 2 potions of mutation {unknown}
 i - 2 potions of degeneration {unknown}
 j - a potion of might {unknown}
 q - a potion of berserk rage {unknown}


   Skills:
 * Level 7.2 Fighting
 * Level 7.2 Axes
 + Level 6.0 Armour
 - Level 3.0 Dodging
 + Level 3.8 Shields


You had 7 spell levels left.
You didn't know any spells.
Your spell library was empty.

Dungeon Overview and Level Annotations

Branches:
Dungeon (5/15)
 Temple: D:4-7

Altars:
Kikubaaqudgha
Wu Jian
The Shining One

Shops:
D:2 =

Annotations:
D:5 Blork the orc, Menkaure


Innate Abilities, Weirdness & Mutations

You have a pair of horns on your head.
You reflexively headbutt those who attack you in melee.


Message History

Menkaure, Prince of Dust comes into view.
Menkaure shouts!
Menkaure gestures wildly while chanting.
Menkaure seems to speed up.
You closely miss the orc. You slash the orc!
You kill the orc!
Trog accepts your kill.
Blork the orc casts a spell.
Blork the orc seems to speed up.
The orc completely misses you.
You hit the orc but do no damage. You hit the orc but do no damage.
You headbutt the orc.
The orc is severely wounded.
You block Blork the orc's attack. The orc hits you with a +0 trident.
Menkaure calls on the powers of darkness!
Your body is wracked with pain!
The orc convulses!
You are too injured to fight recklessly!
You are too injured to fight recklessly!
Unknown command.
Blork the orc gestures at you while chanting.
You block the puff of flame. You block the orc's attack.
You block the orc's attack.
Menkaure calls on the powers of darkness!
Your body is wracked with pain!
* * * LOW HITPOINT WARNING * * *
Blork the orc convulses!
The orc convulses!
Menkaure blazes with dark energy!
Menkaure calls on the powers of darkness!
Blork the orc convulses!
Your body is wracked with pain!
* * * LOW HITPOINT WARNING * * *
The orc convulses!
The orc attacks as it pursues you! The orc hits you but does no damage.
Menkaure casts a spell at you.
You struggle to resist.
Menkaure points at you and mumbles some strange words.
Pain shoots through your body!
* * * LOW HITPOINT WARNING * * *
Blork the orc points at you and mumbles some strange words.
The magic dart hits you.
You die...

.# ###. ###... ..# # ..#.
#....# ..#.# PP .#.##....
...... ..P
+.......#######...#.#
_.P.+..... .........>...
..P.+....######M)o#.....#
PPP.#.....†@...o.o.......
....#..<..#..[#.###......
#####....(#...#... .....
.#.#....#.#...##### ....
#..........# ...
#....#.#...# ..
##.....####.... .
........### .###
.######## .#


You could see Blork the orc (fast), Menkaure (fast) and 2 orcs.

Vanquished Creatures
  Pikel (D:3)
  Eustachio (D:4)
  Duvessa (D:4)
  4 lemures (D:3)
  Dowan (D:4)
  2 bombardier beetles (D:4)
  2 hounds (D:4)
  Crazy Yiuf (D:4)
  Ijyb (D:4)
  An iguana (D:5)
  A sleepcap (D:4)
  3 gnolls (D:3)
  2 adders
  5 ribbon worms
  4 dart slugs
  2 orcs
  2 bats (D:2)
  3 endoplasms
  4 giant cockroaches
  3 goblins
  4 hobgoblins
  4 jackals
  3 quokkas
  7 ball pythons
  4 frilled lizards
  8 kobolds
  3 rats
77 creatures vanquished.

Notes
Turn   | Place    | Note
-------+----------+-------------------------------------------
     0 | D:1      | Sarlacc the Minotaur Berserker began the quest for the Orb.
     0 | D:1      | Reached XP level 1. HP: 19/19 MP: 0/0
    20 | D:1      | Found a faded altar of an unknown god.
    90 | D:1      | Reached XP level 2. HP: 27/27 MP: 1/1
   917 | D:2      | Reached XP level 3. HP: 33/33 MP: 2/2
   924 | D:2      | Found Koff's Jewellery Boutique.
   931 | D:2      | Reached ** piety under Trog
  1039 | D:2      | Found a glowing golden altar of the Shining One.
  1182 | D:2      | Identified the +2 kite shield of Vafier {rF+ Slay+4}
  1550 | D:3      | Reached XP level 4. HP: 25/41 MP: 3/3
  2371 | D:4      | Reached skill level 1 in Shields
  2371 | D:4      | Reached XP level 5. HP: 47/47 MP: 4/4
  2372 | D:4      | Noticed a lemure
  2372 | D:4      | Noticed Pikel
  2380 | D:4      | Noticed a lemure
  2381 | D:4      | Noticed a lemure
  2385 | D:4      | Noticed a lemure
  2394 | D:3      | Killed a lemure
  2402 | D:3      | Killed a lemure
  2402 | D:3      | Killed a lemure
  2402 | D:3      | Killed a lemure
  2406 | D:3      | Killed Pikel
  2407 | D:3      | Reached skill level 5 in Armour
  2407 | D:3      | Reached XP level 6. HP: 53/57 MP: 5/5
  2407 | D:3      | Reached XP level 7. HP: 58/63 MP: 6/6
  2583 | D:4      | Noticed Ijyb
  2584 | D:4      | Noticed Duvessa
  2585 | D:4      | Noticed Dowan
  2586 | D:4      | Paralysed by Ijyb for 5 turns
  2593 | D:4      | Killed Dowan
  2594 | D:4      | Killed Ijyb
  2598 | D:4      | Killed Duvessa
  2674 | D:4      | Noticed Eustachio
  2682 | D:4      | Killed Eustachio
  2749 | D:4      | Found an ornate altar of the Wu Jian Council.
  2838 | D:4      | Reached XP level 8. HP: 73/73 MP: 7/7
  2993 | D:4      | Reached *** piety under Trog
  3058 | D:4      | Found a runed translucent door.
  3059 | D:4      | Noticed Crazy Yiuf
  3184 | D:4      | Killed Crazy Yiuf
  3259 | D:5      | Entered Level 5 of the Dungeon
  3259 | D:5      | Found an ancient bone altar of Kikubaaqudgha.
  3281 | D:5      | Noticed Blork the orc
  3282 | D:5      | Noticed Menkaure
  3292 | D:5      | HP: 2/73 [Menkaure/nerve-wracking pain (10)]
  3293 | D:5      | Killed from afar by Blork the orc

Illustrated notes

Levels and vault maps discovered:
D:1:      lightli_arrival_lavapool, layout_loops_ring,
          shapermc_ecumenical_altar_gd, hangedman_decor_points
D:2:      layout_basic, serial_shops, shop, basic_altar
D:3:      layout_basic, minivault_19
D:4:      layout_cave_pools, nicolae_wu_jian_wuxing_cycle,
          uniq_crazy_yiuf_cottage, uniq_ijyb, uniq_duvessa, uniq_eustachio,
          uniq_pikel
D:5:      layout_basic, mainiacjoe_overflow_alcove_4, dk_noncrumbling_4,
          uniq_edmund, uniq_menkaure, uniq_blork_the_orc

Skill      XL: |  1  2  3  4  5  6  7  8 |
---------------+-------------------------+-----
Axes           | 4 6 7 |  7.2
Fighting       | 4 6 7 |  7.2
Armour         | 3 5 6 |  6.0
Dodging        | 3 |  3.0
Shields        | 1 2 3 |  3.8

Action                     |  1- 3 |  4- 6 |  7- 9 || total
---------------------------+-------+-------+-------++-------
  Melee: Hand axe          |    77 |    28 |    41 ||   146
         Headbutt          |    12 |     5 |    12 ||    29
 Invoke: Berserk           |       |     1 |     1 ||     2
 Armour: Animal skin       |    43 |     4 |       ||    47
         Chain mail        |       |    15 |    24 ||    39
  Dodge: Dodged            |    59 |    14 |    12 ||    85
  Block: Kite shield       |     4 |    21 |    25 ||    50
